 Dungeon Crawl Stone Soup version 0.31-a0-177-g4aa6249778 (webtiles) character file.

Game seed: 13761196582208696386

48 Moral the Insei (level 3, -2/34 HPs)
             Began as an Octopode Transmuter on June 19, 2023.
             Slain by a gnoll
             ... wielding a +0 spear
              (7 damage)
             ... on level 3 of the Dungeon.
             The game lasted 00:02:08 (1930 turns).

Moral the Insei (Octopode Transmuter)               Turns: 1930, Time: 00:02:09

Health: -2/34      AC: 21    Str: 11    XL:     3   Next: 72%
Magic:  5/6        EV:  2    Int: 15    God:
Gold:   166        SH:  0    Dex: 12    Spells: 5/6 levels left

rFire   . .          .
                       - Unarmed
rCold   . . .        (no shield)
rNeg    . . .        (helmet currently unavailable)
rPois   +            (no amulet)
rElec   .            (no ring)
rCorr   .            (no ring)
SInv    .            (no ring)
Will    .....        (no ring)
Stlth   +            (no ring)
HPRegen 0.25/turn    (no ring)
MPRegen 0.10/turn    (no ring)
                     (no ring)

%: no passive effects
@: tree-form
A: stationary, stasis, torment immunity, boosted hp, almost no armour,
(amphibious), 8 rings, (camouflage 1), (gelatinous body 1), (nimble swimmer 1),
(tentacles)
a: no special abilities


You were on level 3 of the Dungeon.
You were a tree.
You visited 1 branch of the dungeon, and saw 3 of its levels.

You collected 166 gold pieces.

Inventory:

Jewellery
 g - a ring of ice
Scrolls
 b - a scroll of teleportation
 d - 5 scrolls of identify {unknown}
Potions
 c - 3 potions of curing {unknown}
 e - 2 potions of haste {unknown}
 f - a potion of might {unknown}


   Skills:
 + Level 1.6 Fighting
 - Level 2.0 Dodging
 * Level 3.6 Unarmed Combat
 + Level 2.2 Spellcasting
 * Level 2.8 Transmutations


You had 5 spell levels left.
You knew the following spells:

 Your Spells              Type           Power      Damage    Failure   Level
a - Beastly Appendage     Tmut           20%        N/A       7%          1

Your spell library contained the following spells:

 Spells                   Type           Power      Damage    Failure   Level
 Wereblood                Tmut           10%        N/A       11%         2
 Spider Form              Tmut/Pois      5%         N/A       36%         3
 Ice Form                 Ice/Tmut       5%         N/A       77%         4


Dungeon Overview and Level Annotations

Branches:
Dungeon (3/15)

Altars:


Innate Abilities, Weirdness & Mutations

You are a tree.
Your roots penetrate the ground, keeping you stationary.
You cannot be teleported.
You are immune to unholy pain and torment.
Your maximum health is greatly increased.
You cannot wear most types of armour.
((You are amphibious.))
You can wear up to eight rings at the same time.
((Your skin changes colour to match your surroundings (Stealth+).))
((Your rubbery body absorbs attacks. (AC +1, EV +1)))
((You are camouflaged when in or above water. (Stealth+)))
((You have tentacles for arms and can constrict up to eight enemies at once.))


Message History

There is an open door here.
There is an open door here.
There is an open door here.
There is an open door here.
You open the door.
There is an open door here.
You now have 166 gold pieces (gained 19). 4 gnolls come into view.
There are monsters nearby!
One of your tentacles grows a vicious spike.
The gnoll shouts! x2
The gnoll hits you with a +0 flail!
Ouch! That really hurt!
The gnoll shouts!
You are too injured to fight recklessly!
You are too injured to fight recklessly!
You are too injured to fight recklessly!
You barely miss the gnoll.
The gnoll shouts!
Your grab misses the gnoll.
You pierce the gnoll.
You squeeze the gnoll.
The gnoll is heavily wounded.
The gnoll hits you with a +0 flail!
* * * LOW HITPOINT WARNING * * *
As you read the scroll labelled VARUMYC AKIJY, it crumbles to dust.
You feel a surge of unholy energy.
The gnoll convulses! x4
It was a scroll of torment.
The gnoll misses you.
Okay, then.
Really quaff the potion of lignification?
Your tentacle spike disappears.
You turn into a tree.
Your roots penetrate the ground.
You hit the gnoll.
You kill the gnoll!
The gnoll hits you but does no damage.
You hit the gnoll.
The gnoll is almost dead.
The gnoll hits you but does no damage. x2
You smack the gnoll!
You kill the gnoll!
The gnoll hits you from afar with a +0 spear!
You die...

#####.#
############.......
#............#
#.#########..#####
#.#....gg)♣........
#.#.######).#######
#.#.........#
#..)........#
###...########
#>.<...)......
#.#.#.########
#.#.#.####
#.#......#


You could see 2 gnolls.

Vanquished Creatures
  2 gnolls (D:3)
  An adder (D:2)
  A worm (D:2)
  2 ball pythons
  A bat (D:2)
  2 endoplasms (D:2)
  2 giant cockroaches (D:1)
  2 goblins
  3 hobgoblins
  3 frilled lizards
  4 kobolds
  4 rats
27 creatures vanquished.

Notes
Turn   | Place    | Note
-------+----------+-------------------------------------------
     0 | D:1      | Moral the Octopode Transmuter began the quest for the Orb.
     0 | D:1      | Reached XP level 1. HP: 13/13 MP: 3/3
   464 | D:1      | Reached XP level 2. HP: 16/18 MP: 5/5
  1415 | D:2      | Reached XP level 3. HP: 18/23 MP: 3/6
  1930 | D:3      | Slain by a gnoll

Illustrated notes

Levels and vault maps discovered:
D:1:      giann_wishing_wells, layout_loops_corners, serial_co_window_serial,
          co_window_paths_b, co_window_corner_a, co_window_cross_1,
          co_window_corner_a, co_window_corner_a, co_window_of_opportunity_c,
          co_window_unsneaky_path_b, co_window_2corner, glass_columns_c,
          glass_columns_a, glass_columns_a
D:2:      layout_basic
D:3:      layout_basic, ebering_ghost_sewer_d

Action                     || total
---------------------------++-------
  Melee: Unarmed           ||    53
         Constrict         ||    16
         Kick              ||    12
         Tentacles         ||    11
   Cast: Beastly Appendage ||    23
    Use: Scroll            ||     2
         Potion            ||     1
   Stab: Sleeping          ||     1
 Armour: Skin              ||     5
  Dodge: Dodged            ||    25

Table legend: (Time is in decaauts)
 A = Elapsed time spent in this place.
 B = Non-inter-level travel time spent in this place.
 C = Inter-level travel time spent in this place.
 D = Time resting spent in this place.
 E = Time spent auto-exploring this place.
 F = Levels seen in this place.
 G = Mean time per level.
                   A        B        C        D        E       F      G
               +--------+--------+--------+--------+--------+-----+--------+
         Total |   1925 |   1851 |     74 |      0 |   1664 |   3 |  641.7 |
       Dungeon |   1925 |   1851 |     74 |      0 |   1664 |   3 |  641.7 |
               +--------+--------+--------+--------+--------+-----+--------+

Top non-repeatable levels by time:
     D:1: 1104 daAuts
     D:2: 648 daAuts
     D:3: 172 daAuts
